 Dungeon Crawl Stone Soup version 0.31.0-11-ge490571c62 (webtiles) character file.

Game seed: 15383642195563972900

13157 croobank the Summoner (level 11, 0/80 (83) HPs)
             Began as a Demonspawn Summoner on Jan 27, 2024.
             Was a Priest of Kikubaaqudgha.
             Slain by a spectral eight-headed hydra (6 damage)
             ... in a Gauntlet.
             The game lasted 00:54:48 (14978 turns).

croobank the Summoner (Demonspawn Summoner)        Turns: 14978, Time: 00:54:48

HP:   0/80 (83)     AC:  7    Str:  9    XL:     11   Next: 71%
MP:   6/21          EV: 16    Int: 20    God:    Kikubaaqudgha [***...]
Gold: 359           SH:  5    Dex: 18    Spells: 1/23 levels left

rFire   . .          .
                       - Unarmed
rCold   + . .        (no shield)
rNeg    + . .        B - +0 robe {rC+}
rPois   .            (no helmet)
rElec   .            f - +2 cloak {rCorr}
rCorr   +            (gloves unavailable)
SInv    .            u - +1 pair of boots
Will    .....        n - amulet of Sin {Reflect Dex+5 SH+5}
Stlth   ++++         x - ring of positive energy
HPRegen 0.33/turn    I - ring of wizardry
MPRegen 0.17/turn

%: no teleportation, reflection, wizardry (x1)
@: brilliant, very slightly contaminated, hasted and slowed, lightly drained
A: claws 3, spiny 1
a: Renounce Religion, Unearth Wretches


You were in a Gauntlet.
You worshipped Kikubaaqudgha.
Kikubaaqudgha was most pleased with you.
You visited 2 branches of the dungeon, and saw 12 of its levels.
You also visited: Gauntlet.

You collected 669 gold pieces.
You spent 310 gold pieces at shops.

Inventory:

Hand Weapons
 k - a +2 dagger of draining
 l - a +1 dagger of venom
 r - a +2 dagger of speed
 G - the +0 mace of Premature Burial {spect, +Blink rElec rCorr Str+6}
   (You took it off an orc wizard on level 7 of the Dungeon)

   Str+6:     It affects your strength (+6).
   rElec:     It insulates you from electricity.
   +Blink:    It lets you blink.
   rCorr:     It protects you from acid and corrosion.
 H - a +2 scimitar of flaming
 L - a -1 demon whip of venom
 Q - the +9 falchion of Dunoyboy {flame, rPois Dex-4 SInv Stlth+}
   (You found it on level 9 of the Dungeon)

   Dex-4:     It affects your dexterity (-4).
   rPois:     It protects you from poison SInv: It lets you see invisible.
   Stlth+:    It makes you more stealthy.
Missiles
 j - a throwing net
 D - 16 poisoned darts
 K - a curare-tipped dart
Armour
 f - a +2 cloak of preservation (worn)
 s - a +0 buckler
 u - a +1 pair of boots (worn)
 B - a +0 robe of cold resistance (worn)
Jewellery
 n - the amulet of Sin (around neck) {Reflect Dex+5 SH+5}
   (You found it on level 8 of the Dungeon)

   [amulet of reflection]

   Reflect:   It reflects blocked missile attacks.
   Dex+5:     It affects your dexterity (+5).
   SH+5:      It affects your SH (+5).
 t - a ring of poison resistance
 v - an amulet of the acrobat
 x - a ring of positive energy (left claw)
 I - a ring of wizardry (right claw)
 J - a ring of flight
 M - a +5 ring of evasion
Wands
 a - a wand of light (4)
 d - a wand of mindburst (13)
 y - a wand of flame (39)
 A - a wand of digging (2)
 N - a wand of iceblast (8)
 R - a wand of paralysis (2)
Scrolls
 i - a scroll of butterflies
 p - 5 scrolls of teleportation
 z - a scroll of enchant weapon
 C - 2 scrolls of poison
 E - 4 scrolls of blinking
 F - 2 scrolls of vulnerability
 O - 2 scrolls of amnesia
Potions
 b - 2 potions of magic
 c - a potion of cancellation
 e - a potion of attraction
 g - a potion of haste
 h - 5 potions of curing
 m - a potion of ambrosia
 o - 2 potions of lignification
 w - 4 potions of mutation
 P - 2 potions of invisibility {unknown}
 S - 3 potions of might {unknown}


   Skills:
 - Level 6.8 Fighting
 - Level 3.0 Short Blades
 - Level 6.6 Dodging
 - Level 7.2 Stealth
 - Level 5.2 Unarmed Combat
 - Level 6.7 Spellcasting
 - Level 8.0 Summonings
 + Level 5.2 Necromancy
 - Level 5.0 Fire Magic
 - Level 3.4 Air Magic


You had one spell level left.
You knew the following spells:

 Your Spells              Type           Power      Damage    Failure   Level
a - Summon Small Mammal   Summ           100%       N/A       1%          1
b - Call Imp              Summ           100%       N/A       1%          2
c - Call Canine Familiar  Summ           55%        N/A       1%          3
d - Summon Blazeheart Go  Fire/Summ      49%        N/A       2%          4
e - Summon Lightning Spi  Summ/Air       44%        N/A       3%          4
f - Animate Dead          Necr           41%        N/A       4%          4
g - Dispel Undead         Necr           41%        3d16      4%          4

Your spell library contained the following spells:

 Spells                   Type           Power      Damage    Failure   Level
 Kiss of Death            Conj/Necr      100%       2d13      1%          1
 Freeze                   Ice            40%        1d6       4%          1
 Sting                    Conj/Alch      40%        1d5       4%          1
 Sublimation of Blood     Necr           41%        N/A       1%          2
 Vampiric Draining        Necr           41%        2d8       1%          3
 Mercury Vapours          Alch/Air       40%        N/A       2%          2
 Summon Ice Beast         Ice/Summ       34%        N/A       2%          3
 Martyr's Knell           Necr/Summ      49%        N/A       2%          4
 Inner Flame              Hex/Fire       25%        N/A       4%          3
 Frozen Ramparts          Ice            20%        1d4       12%         3
 Hailstorm                Conj/Ice       10%        3d6       12%         3
 Ozocubu's Armour         Ice            10%        N/A       12%         3
 Tukima's Dance           Hex            10%        N/A       12%         3
 Curse of Agony           Necr           41%        N/A       13%         5
 Flame Wave               Conj/Fire      25%        2d8       14%         4
 Sticky Flame             Fire/Alch      25%        2d6       14%         4
 Vhi's Electric Charge    Tloc/Air       40%        N/A       19%         4
 Dimensional Bullseye     Hex/Tloc       5%         N/A       34%         4
 Iskenderun's Mystic Bla  Conj/Tloc      10%        2d4       34%         4
 Olgreb's Toxic Radiance  Alch           10%        N/A       34%         4
 Arcjolt                  Conj/Air       10%        1d20      45%         5
 Death Channel            Necr           20%        N/A       54%         6
 Metabolic Englaciation   Hex/Ice        5%         N/A       69%         5
 Sculpt Simulacrum        Ice/Alch       5%         N/A       99%         6
 Maxwell's Capacitive Co  Air            15%        ∞         100%        8


Dungeon Overview and Level Annotations

Branches:
Dungeon (11/15)            Temple (1/1) D:5            Lair (0/5) D:11
    Orc (0/2) D:10        Gauntlet (1/1)

Altars:
Ashenzari
Cheibriados
Dithmenos
Fedhas
Gozag
Hepliaklqana
Kikubaaqudgha
Makhleb
Nemelex Xobeh
Okawaru
Qazlal
Ru
Sif Muna
Trog
Uskayaw
Vehumet
Wu Jian
Xom
Yredelemnul

Shops:
D:5 !*   D:6 :   D:7 (   D:8 *   D:11 [

Annotations:
Gauntlet 9 transporters


Innate Abilities, Weirdness & Mutations

You have claws for hands.
You are partially covered in sharp spines.


Message History

You destroy the spectral elephant!
Kikubaaqudgha accepts your kill.
Your Necromancy skill increases to level 5!
Casting: Dispel Undead (dangerous; 4% risk of failure)
Confirm with . or Enter, or press ? or * to list all spells.
Aiming: Dispel Undead (dangerous; 4% risk of failure)
Press: ? - help, Shift-Dir - straight line, f - spectral eight-headed hydra
Aim: a spectral eight-headed hydra (ally target, 100% to hit)
You feel a surge of power!
The spectral eight-headed hydra is dispelled!!!
The spectral eight-headed hydra is struck by your spines.
The spectral eight-headed hydra closely misses you.
The spectral eight-headed hydra misses you.
You block the spectral eight-headed hydra's attack.
The spectral eight-headed hydra closely misses you.
The spectral eight-headed hydra bites you. x2
You partially resist.
You feel drained.
The spectral eight-headed hydra closely misses you.
The spectral eight-headed hydra bites you!
You partially resist.
You feel drained.
Casting: Dispel Undead (dangerous; 4% risk of failure)
Confirm with . or Enter, or press ? or * to list all spells.
Aiming: Dispel Undead (dangerous; 4% risk of failure)
Press: ? - help, Shift-Dir - straight line, f/p - spectral eight-headed hydra
Aim: a spectral eight-headed hydra (severely damaged, ally target, 100% to hit)
You feel a surge of power!
The spectral eight-headed hydra is dispelled!
The spectral eight-headed hydra bites you!
* * * LOW HITPOINT WARNING * * *
The spectral eight-headed hydra closely misses you.
You block the spectral eight-headed hydra's attack.
The spectral eight-headed hydra barely misses you.
The spectral eight-headed hydra bites you!
* * * LOW HITPOINT WARNING * * *
The spectral eight-headed hydra bites you.
* * * LOW HITPOINT WARNING * * *
The spectral eight-headed hydra closely misses you.
The spectral eight-headed hydra bites you.
You die...
Kikubaaqudgha rasps: "You have failed me!
Welcome... death!"

......................
#########...#########
..##.##.#.8.#.......
#.##....#...#.#.##.# .
#...###.#####......#.Z#####..#...
..##.##.#...#..##.##..#...#..y#.#
#.##...©#©.©#..#Z©#..©#©.©#...©#.
#....##.#...#.##Z##.#!#...#...#.#
..##.##.#####.#.@#..#$#####..#...
#.###.#.#...#.#.##8##.#...#.#....
#.©...#.#...#.........#...##.....
#########...###########...#######
..........≈.............§........
∩........≈8≈...........≈8≈.......
..........≈.............≈........
#########...###########...#######
.yyy....#...#u........#...#BBZ...


You could see a spectral eight-headed hydra (ally target), a spectral death yak
and a friendly lightning spire (summoned).

Vanquished Creatures
  Erica (D:8)
  A two-headed ogre (D:9)
  A boulder beetle (D:11)
  2 death scarabs (Gauntlet)
  Maurice (D:8)
  A gargoyle (D:10)
  An orange demon (D:8)
  2 trolls (D:9)
  A hornet (D:7)
  A spectral elephant (Gauntlet)
  A raiju (Gauntlet)
  Sigmund (D:5)
  A spectral black mamba (Gauntlet)
  A spriggan (D:9)
  A shadow (D:9)
  A warg (D:10)
  5 yaks (D:10)
  2 wyverns
  A wraith (D:11)
  6 orc warriors
  A sky beast (D:7)
  A centaur (D:9)
  2 phantoms (D:6)
  4 bullfrogs
  A gnoll sergeant (D:6)
  2 scorpions
  A wight (D:9)
  A howler monkey (D:8)
  A bombardier beetle (D:5)
  4 hounds
  5 orc priests
  An iguana (D:6)
  8 orc wizards
  A sleepcap (D:5)
  6 gnolls
  2 adders
  A shadow imp (D:5)
  2 ufetubi (D:7)
  A ribbon worm (D:4)
  24 orcs
  2 bats (D:3)
  An endoplasm (D:2)
  4 hobgoblins
  A quokka (D:4)
  2 ball pythons
  4 kobolds
  A rat (D:2)
116 creatures vanquished.

Vanquished Creatures (collateral kills)
  Amaemon (D:8)
  A cyclops (D:10)
  A troll (D:9)
  4 spriggans (D:9)
  A wyvern (D:9)
  A yak (D:10)
  A steam dragon (Gauntlet)
  Menkaure (D:6)
  An acid dragon (D:10)
  3 water moccasins
  2 ice beasts
  3 orc warriors
  2 black bears (D:7)
  A centaur (D:10)
  A phantom (D:5)
  2 kobold brigands
  A scorpion (D:5)
  4 wights (D:9)
  A killer bee (D:9)
  A howler monkey (D:9)
  4 orc priests (D:10)
  2 bombardier beetles
  A gnoll bouda (D:9)
  A hound (D:6)
  2 sleepcaps
  5 orc wizards
  6 adders
  9 gnolls
  3 dart slugs
  2 ribbon worms (D:4)
  17 orcs
  4 bats
  5 endoplasms
  A giant cockroach (D:4)
  10 goblins
  4 hobgoblins
  4 ball pythons
  3 frilled lizards
  3 kobolds
  3 rats
122 creatures vanquished.

Vanquished Creatures (others)
  A steam dragon zombie (Gauntlet)
  30 blazeheart cores
31 creatures vanquished.

Grand Total: 269 creatures vanquished

Notes
Turn   | Place    | Note
-------+----------+-------------------------------------------
     0 | D:1      | croobank the Demonspawn Summoner began the quest for the
                  | Orb.
     0 | D:1      | Reached XP level 1. HP: 13/13 MP: 3/3
   355 | D:1      | Gained mutation: You have sharp fingernails. [demonic
                  | ancestry]
   355 | D:1      | Reached XP level 2. HP: 19/19 MP: 1/5
   769 | D:2      | Learned a level 2 spell: Call Imp
  1031 | D:2      | Gained mutation: You have very sharp fingernails. [demonic
                  | ancestry]
  1031 | D:2      | Reached XP level 3. HP: 25/25 MP: 0/6
  1035 | D:2      | Learned a level 3 spell: Call Canine Familiar
  1390 | D:2      | Reached skill level 1 in Fighting
  1622 | D:2      | Found a faded altar of an unknown god.
  1696 | D:2      | Gained mutation: You are partially covered in sharp spines.
                  | [demonic ancestry]
  1696 | D:2      | Reached XP level 4. HP: 32/32 MP: 5/7
  1717 | D:2      | Found a hazy altar of Hepliaklqana.
  3177 | D:4      | Gained mutation: You have claws for hands. [demonic
                  | ancestry]
  3177 | D:4      | Reached XP level 5. HP: 31/37 MP: 2/9
  3828 | D:4      | Found a snail-covered altar of Cheibriados.
  3837 | D:4      | Found a stormy altar of Qazlal.
  4082 | D:5      | Entered Level 5 of the Dungeon
  4109 | D:5      | Reached skill level 1 in Short Blades
  4285 | D:5      | Found Omamad's General Store.
  4292 | D:5      | Bought a scroll of identify for 22 gold pieces
  4292 | D:5      | Found a staircase to the Ecumenical Temple.
  4301 | D:5      | Reached XP level 6. HP: 44/44 MP: 10/10
  4303 | Temple   | Entered the Ecumenical Temple
  4311 | Temple   | Became a worshipper of Kikubaaqudgha
  4330 | D:5      | Found Lussuyv's Distillery.
  4330 | D:5      | Noticed an ice beast
  4341 | D:5      | Killed an ice beast
  4434 | D:5      | Reached skill level 5 in Summonings
  4475 | D:5      | Bought a potion of heal wounds for 65 gold pieces
  4475 | D:5      | Bought 2 potions of curing for 78 gold pieces
  4697 | D:5      | Noticed Sigmund
  4711 | D:5      | Killed Sigmund
  4712 | D:5      | Reached XP level 7. HP: 47/51 MP: 7/12
  4865 | D:5      | Learned a level 4 spell: Summon Blazeheart Golem
  4917 | D:5      | Found an iron altar of Okawaru.
  5083 | D:5      | Reached skill level 1 in Fire Magic
  5276 | D:5      | Identified the +7 scale mail of the Flute {rC- Will++}
  5645 | D:6      | Found Ekonyw's Book Shop.
  5779 | D:6      | Noticed Menkaure
  5782 | D:6      | Reached XP level 8. HP: 53/58 MP: 5/13
  5792 | D:6      | Killed Menkaure
  5990 | D:6      | Reached skill level 1 in Unarmed Combat
  6100 | D:6      | Reached * piety under Kikubaaqudgha
  6100 | D:6      | Received a gift from Kikubaaqudgha
  7203 | D:7      | Found Tunwes's Antique Weapon Shoppe.
  7482 | D:7      | Reached skill level 6 in Summonings
  7482 | D:7      | Reached XP level 9. HP: 52/65 MP: 8/15
  8147 | D:7      | Reached skill level 5 in Stealth
  8492 | D:7      | Identified the +0 mace of Premature Burial {spect, +Blink
                  | rElec rCorr Str+6}
  9238 | D:8      | Noticed Erica
  9254 | D:8      | Killed Erica
  9255 | D:8      | Reached skill level 5 in Dodging
  9255 | D:8      | Reached skill level 5 in Spellcasting
  9472 | D:8      | Noticed Amaemon
  9480 | D:8      | Noticed an orange demon
  9482 | D:8      | Killed Amaemon
  9483 | D:8      | Reached skill level 5 in Fighting
  9483 | D:8      | Reached skill level 5 in Fire Magic
  9483 | D:8      | Reached XP level 10. HP: 74/74 MP: 8/18
  9490 | D:8      | Killed an orange demon
  9869 | D:8      | Learned a level 4 spell: Summon Lightning Spire
  9918 | D:8      | Found Omociuji's Assorted Antiques.
  9926 | D:8      | Bought a glowing copper ring for 145 gold pieces
  9941 | D:8      | Noticed Maurice
  9971 | D:8      | Killed Maurice
 10296 | D:8      | Identified the amulet of Sin {Reflect Dex+5 SH+5}
 10587 | D:9      | Reached skill level 7 in Summonings
 10593 | D:9      | Reached skill level 1 in Air Magic
 10861 | D:9      | Reached ** piety under Kikubaaqudgha
 11502 | D:9      | Noticed a two-headed ogre
 11513 | D:9      | Killed a two-headed ogre
 11872 | D:9      | Reached XP level 11. HP: 81/81 MP: 17/20
 12328 | D:9      | Identified the +9 falchion of Dunoyboy {flame, rPois Dex-4
                  | SInv Stlth+}
 12489 | D:9      | Learned a level 4 spell: Animate Dead
 12490 | D:10     | Entered Level 10 of the Dungeon
 13080 | D:10     | Found a staircase to the Orcish Mines.
 13184 | D:10     | Reached skill level 5 in Unarmed Combat
 13204 | D:10     | Reached *** piety under Kikubaaqudgha
 13204 | D:10     | Received a gift from Kikubaaqudgha
 13204 | D:10     | HP: 2/83 [gargoyle/stone arrow (30)]
 14434 | D:11     | Noticed a boulder beetle
 14483 | D:11     | Killed a boulder beetle
 14484 | D:11     | Reached skill level 8 in Summonings
 14589 | D:11     | Found Nojabbos's Armour Boutique.
 14601 | D:11     | Found a gate leading to a gauntlet.
 14610 | Gauntlet | Entered a Gauntlet
 14610 | Gauntlet | Found a transporter.
 14610 | Gauntlet | Found a transporter.
 14610 | Gauntlet | Found a transporter.
 14610 | Gauntlet | Found a transporter.
 14630 | Gauntlet | Found a transporter.
 14637 | Gauntlet | Noticed a great orb of eyes
 14639 | Gauntlet | Noticed a cyan ugly thing
 14641 | Gauntlet | Found a transporter.
 14645 | Gauntlet | Found a transporter.
 14649 | Gauntlet | Noticed a death scarab
 14655 | Gauntlet | Found a transporter.
 14665 | Gauntlet | Noticed a death scarab
 14678 | Gauntlet | Found a transporter.
 14680 | Gauntlet | Found a transporter.
 14684 | Gauntlet | Found a transporter.
 14689 | Gauntlet | Noticed a death scarab
 14692 | Gauntlet | Noticed a death scarab
 14694 | Gauntlet | Found a transporter.
 14778 | Gauntlet | Reached skill level 1 in Necromancy
 14810 | Gauntlet | Learned a level 4 spell: Dispel Undead
 14969 | Gauntlet | Killed a death scarab
 14970 | Gauntlet | Killed a death scarab
 14977 | Gauntlet | Reached skill level 5 in Necromancy
 14978 | Gauntlet | Slain by a spectral eight-headed hydra

Illustrated notes

Levels and vault maps discovered:
D:1:      saegor_arrival_simple_a, layout_basic
D:2:      kennysheep_the_goblin_king, layout_loops_corners, basic_altar,
          ebering_ecumenical_altar_box, kennysheep_big_empty_room
D:3:      layout_loops_ring
D:4:      layout_basic, grunt_temple_overflow_open
D:5:      layout_layer_cave, okawaru_metal_pillars_3,
          minmay_temple_entry_proselytizer, serial_shops, shop, shop,
          kennysheep_generic_room_6, uniq_sigmund
D:6:      layout_rooms, serial_co_window_serial, co_window_paths_a,
          co_window_corner_a, co_window_paths_b, co_window_paths_a,
          co_window_paths_a, co_window_of_opportunity_c,
          co_window_unsneaky_path_a, co_window_unsneaky_path_a,
          co_window_unsneaky_path_a, co_window_of_opportunity_c,
          co_window_broadway_a, co_window_4corner_b, glass_columns_a,
          glass_columns_c, serial_shops, kennysheep_little_box, uniq_menkaure
D:7:      layout_cave_pools, mainiacjoe_overflow_paths, serial_shops, shop,
          minmay_door_square
D:8:      layout_basic, serial_shops, shop, uniq_erica, uniq_maurice,
          uniq_amaemon
D:9:      kb_forest_paths, layout_irregular_city
D:10:     layout_basic, david_orc_3, minmay_diced_spiral
D:11:     layout_big_octagon, lair_entry_dummy, gauntlet_entry_generic,
          serial_shops, nicolae_shop_competitors_out_of_business, shop, shop,
          serial_bayou_crossing
Temple:   nicolae_temple_two_arcs
Gauntlet: gammafunk_gauntlet_hard_choice [nicolae_gauntlet_arena_t_cross,
          gammafunk_gauntlet_arena_crates,
          gammafunk_gauntlet_arena_split_diamond,
          nicolae_gauntlet_arena_grate_2, gammafunk_gauntlet_arena_corners,
          nicolae_gauntlet_arena_x, gauntlet_exit_green]

Skill      XL: |  1  2  3  4  5  6  7  8  9 10 11 |
---------------+----------------------------------+-----
Stealth        | 2 3 4 5 6 7 |  7.2
Dodging        | 2 3 4 5 6 |  6.6
Fighting       | 1 2 3 4 5 6 |  6.8
Spellcasting   | 3 4 5 6 |  6.7
Short Blades   | 1 2 3 |  3.0
Summonings     | 5 6 7 8 |  8.0
Fire Magic     | 1 3 5 |  5.0
Unarmed Combat | 2 3 4 5 |  5.2
Air Magic      | 2 3 |  3.4
Necromancy     | 5 |  5.2

Action                     |  1- 3 |  4- 6 |  7- 9 | 10-12 || total
---------------------------+-------+-------+-------+-------++-------
  Melee: Unarmed           |     8 |       |    47 |    50 ||   105
         Dagger            |     3 |    65 |    68 |       ||   136
         Punch             |       |       |     1 |     2 ||     3
         Mace              |       |       |       |     5 ||     5
   Cast: Summon Small Mamm |    34 |    26 |    53 |    25 ||   138
         Call Imp          |     8 |    21 |    30 |    17 ||    76
         Call Canine Famil |     4 |    12 |    22 |    13 ||    51
         Summon Blazeheart |       |       |     3 |    49 ||    52
         Summon Lightning  |       |       |       |    13 ||    13
         Dispel Undead     |       |       |       |     6 ||     6
         Animate Dead      |       |       |       |     1 ||     1
  Evoke: Wand              |       |       |     4 |       ||     4
    Use: Scroll            |       |    11 |    10 |     4 ||    25
         Potion            |       |       |     3 |     6 ||     9
   Stab: Sleeping          |       |     5 |     2 |     2 ||     9
         Distracted        |       |     2 |       |     3 ||     5
 Armour: Robe              |    14 |    41 |    83 |    88 ||   226
  Dodge: Dodged            |    13 |    26 |    66 |    98 ||   203
  Block: Other             |       |       |       |    30 ||    30
         Reflection        |       |       |       |     1 ||     1
